 Dungeon Crawl Stone Soup version 0.30-a0-272-gf98c3da03f (webtiles) character file.

Game seed: 15147400094408519834

29411 Lennethare the Dealer of Despair (level 13, -2/108 HPs)
             Began as a Purple Draconian Necromancer on Oct 15, 2022.
             Was an Elder of Kikubaaqudgha.
             Slain by a yak (33 damage)
             ... on level 4 of the Lair of Beasts on Oct 16, 2022.
             The game lasted 01:13:18 (18670 turns).

Lennethare the Dealer of Despair (DrNe)            Turns: 18670, Time: 01:13:19

Health: -2/108     AC: 22    Str: 15    XL:     13   Next: 15%
Magic:  10/37      EV:  2    Int: 29    God:    Kikubaaqudgha [****..]
Gold:   1004       SH:  0    Dex: 13    Spells: 7/34 levels left

rFire   . . .      SeeInvis +    B - +9 long sword (protect)
rCold   . . .      Faith    .    (no shield)
rNeg    . . .      Spirit   .    (body armour unavailable)
rPois   .          Reflect  +    (helmet restricted)
rElec   .          Harm     .    b - +2 cloak
rCorr   .          Rampage  .    k - +2 pair of gloves
Will    +....                    e - +0 pair of boots "Cibuzxish" {Str+3 Int+3 Dex+2 SInv}
Stlth   ++........               i - amulet of reflection
HPRegen 0.38/turn                v - ring of magical power
MPRegen 0.25/turn                A - +6 ring of intelligence

@: sleeping, under a protective aura, animating dead
A: breathe power, AC +8, unfitting armour, cold-blooded
a: Breathe Dispelling Energy, Renounce Religion, Unearth Wretches


You were on level 4 of the Lair of Beasts.
You worshipped Kikubaaqudgha.
Kikubaaqudgha was greatly pleased with you.
You visited 3 branches of the dungeon, and saw 16 of its levels.
You also visited: Bailey.

You collected 1004 gold pieces.

Inventory:

Hand Weapons
 B - a +9 long sword of protection (weapon)
 C - the +8 sling "Derph" {venom, rElec}
   (You found it on level 4 of the Dungeon)

   Any ammunition fired from it poisons the flesh of those it strikes.
   rElec:     It insulates you from electricity.
Armour
 b - a +2 cloak (worn)
 e - the +0 pair of boots "Cibuzxish" (worn) {Str+3 Int+3 Dex+2 SInv}
   (You acquired it on level 8 of the Dungeon)

   Str:       It affects your strength (+3).
   Int:       It affects your intelligence (+3).
   Dex:       It affects your dexterity (+2).
   SInv:      It lets you see invisible.
 k - a +2 pair of gloves (worn)
 I - an orb of guile
Magical Staves
 q - a staff of death
Jewellery
 d - an amulet of the acrobat
 i - an amulet of reflection (around neck)
 t - a +6 ring of strength
 v - a ring of magical power (left hand)
 A - a +6 ring of intelligence (right hand)
 E - a ring of resist corrosion
 M - an amulet of guardian spirit
Wands
 o - a wand of digging (7)
 K - a wand of flame (10)
 N - a wand of paralysis (3)
Scrolls
 c - 2 scrolls of amnesia
 f - 2 scrolls of summoning
 m - 5 scrolls of teleportation
 n - 4 scrolls of immolation
 r - 2 scrolls of enchant weapon
 s - 3 scrolls of magic mapping
 w - a scroll of silence
 x - a scroll of fear
 y - 4 scrolls of identify
 z - 2 scrolls of enchant armour
Potions
 a - a potion of magic
 g - 4 potions of heal wounds
 h - 4 potions of mutation
 j - 10 potions of brilliance
 l - 4 potions of might
 p - 5 potions of curing
 D - 3 potions of lignification
 F - 5 potions of flight
 G - a potion of ambrosia
 H - 2 potions of resistance
 J - a potion of berserk rage
 L - a potion of invisibility
Miscellaneous
 u - a condenser vane


   Skills:
 + Level 8.3 Fighting
 + Level 8.7 Long Blades
 + Level 6.2 Dodging
 - Level 1.7 Stealth
 + Level 11.4 Spellcasting
 * Level 11.6 Necromancy
 - Level 5.4 Fire Magic
 * Level 6.6 Earth Magic
 + Level 7.1 Evocations


You had 7 spell levels left.
You knew the following spells:

 Your Spells              Type           Power      Damage    Failure   Level
a - Sublimation of Blood  Necr           71%        N/A       1%          2
b - Vampiric Draining     Necr           71%        2d11      1%          3
c - Animate Dead          Necr           71%        N/A       1%          4
d - Scorch                Fire           96%        2d10      1%          2
e - Agony                 Necr           71%        N/A       1%          5
f - Death Channel         Necr           35%        N/A       4%          6
g - Borgnjor's Vile Clut  Necr/Erth      31%        N/A       1%          5

Your spell library contained the following spells:

 Spells                   Type           Power      Damage    Failure   Level
 Kiss of Death            Conj/Necr      100%       2d13      1%          1
 Necrotise                Necr           100%       1d9       1%          1
 Sting                    Tmut/Pois      64%        1d6       3%          1
 Anguish                  Hex/Necr       25%        N/A       3%          4
 Poisonous Vapours        Pois/Air       32%        N/A       4%          2
 Flame Wave               Conj/Fire      32%        2d9       11%         4
 Olgreb's Toxic Radiance  Pois           16%        N/A       32%         4
 Simulacrum               Ice/Necr       25%        N/A       41%         6
 Summon Cactus Giant      Summ           8%         N/A       99%         6


Dungeon Overview and Level Annotations

Branches:
Dungeon (11/15)            Temple (1/1) D:6            Lair (4/5) D:11
  Swamp (0/4) Lair:2        Snake (0/4) Lair:2          Orc (0/2) D:9
 Bailey (visited)
  Slime: Lair:4-5

Altars:
Cheibriados
Dithmenos
Elyvilon
Fedhas
Gozag
Hepliaklqana
Kikubaaqudgha
Nemelex Xobeh
Qazlal
Trog
Uskayaw
Wu Jian
Xom
Yredelemnul

Shops:
D:10 (

Annotations:
D:8 2 transporters, valliere's ghost, journeyman OpFi
D:10 1 runed translucent door


Innate Abilities, Weirdness & Mutations

You can breathe bolts of dispelling energy.
Your rich purple scales are hard. (AC +8)
You cannot fit into any form of body armour.
You are cold-blooded and may be slowed by cold attacks.


Message History

Your seven-headed hydra zombie bites the bush.
Your seven-headed hydra zombie bites the bush but does no damage.
Your seven-headed hydra zombie bites the bush!
The dream sheep bites your yak zombie! The yak gores you but does no damage.
You barely miss the yak.
You tail-slap the yak, but do no damage.
The yak is heavily wounded.
The yak gores you.
* * * LOW HITPOINT WARNING * * *
The yak gores your yak zombie.
Your seven-headed hydra zombie bites the bush!
Your seven-headed hydra zombie bites the bush. x2
Your seven-headed hydra zombie bites the bush but does no damage.
Your seven-headed hydra zombie bites the bush.
Your seven-headed hydra zombie bites the bush but does no damage.
Your seven-headed hydra zombie bites the bush.
You barely miss the yak.
The yak is heavily wounded.
Your yak zombie gores the yak!
The yak gores your yak zombie! The dream sheep bites your yak zombie!
The yak gores your yak zombie!
Your yak zombie is destroyed!
Unknown command.
You slash the yak!
You kill the yak!
Kikubaaqudgha accepts your kill.
The dead are walking!
Your seven-headed hydra zombie bites the bush but does no damage. x2
Your seven-headed hydra zombie bites the bush.
Your seven-headed hydra zombie bites the bush! x2
Your seven-headed hydra zombie bites the bush.
Your seven-headed hydra zombie bites the bush but does no damage.
The dream sheep shakes its wool and sparkles.
You feel drowsy...
You fall asleep.
Your seven-headed hydra zombie bites the bush.
Your seven-headed hydra zombie bites the bush but does no damage. x2
Your seven-headed hydra zombie bites the bush. x2
Your seven-headed hydra zombie bites the bush but does no damage. x2
The yak gores you!!
You die...
Kikubaaqudgha rasps: "You have failed me!
Welcome... death!"

#... ###....### ..
#.#......#. ## #..........
.....# #.###.....P##..
.....# #.#.....### .
.....# ##......P# .....#
##...#...### .....##
#.#.###.Z.Z# ....... ##.##
##.@P######....... #..#
#...Y#.##.........
###.P#######.†#..YY.#.....
#...###.#....Y....Y.# ...
#..##P.#.#.......###..>. .
#.#..P...........## ....
#................# #....
#........######.... ....
###.#..P## ...... ....


You could see a yak (ally target), a dream sheep (ally target), a friendly
seven-headed hydra zombie and a friendly yak zombie.

Vanquished Creatures
  Erolcha (D:10)
  A hydra (Lair:4)
  2 two-headed ogres
  Sonja (D:11)
  Nergalle (Lair:1)
  4 orc knights (Bailey)
  A manticore (D:8)
  A black mamba (Lair:3)
  4 elephants (Lair:2)
  4 cane toads
  A gargoyle (D:10)
  A rime drake (Lair:4)
  7 komodo dragons
  2 trolls (D:11)
  A hornet (D:8)
  5 dream sheep
  27 yaks
  Eustachio (D:5)
  2 basilisks
  6 vampire mosquitoes
  A steam dragon (D:9)
  3 acid dragons
  3 nagas (Lair:2)
  3 water moccasins
  6 orc warriors
  An ice beast (D:7)
  A sky beast (D:6)
  3 black bears
  4 ogres
  4 wolves
  4 kobold brigands
  2 phantoms
  9 bullfrogs
  3 necrophages
  A gnoll sergeant (D:6)
  A wyvern zombie (D:7)
  2 scorpions
  5 wights
  5 killer bees
  3 electric eels
  8 howler monkeys
  A hound (D:4)
  2 jellies
  8 orc priests
  A gnoll bouda (D:5)
  Ijyb (D:3)
  14 iguanas
  Natasha (thrice) (D:3)
  9 orc wizards
  A killer bee zombie (D:7)
  Robin (D:3)
  15 gnolls
  8 adders
  A shadow imp (D:8)
  A white imp (D:7)
  An ufetubus (D:7)
  5 dart slugs
  2 worms
  81 orcs
  7 ball pythons
  13 endoplasms
  6 giant cockroaches
  10 goblins
  8 hobgoblins
  9 jackals
  4 quokkas
  6 bats
  10 frilled lizards
  21 kobolds
  4 rats
398 creatures vanquished.

Vanquished Creatures (collateral kills)
  A hydra (Lair:1)
  A torpor snail (Lair:1)
  2 cane toads
  A rime drake (Lair:1)
  An unseen horror (D:11)
  2 trolls (D:11)
  A blink frog (Lair:3)
  A dream sheep (Lair:1)
  6 yaks
  A wyvern (Lair:3)
  A steam dragon (Lair:2)
  2 basilisks (Lair:3)
  A water moccasin (D:8)
  2 nagas (Lair:2)
  An orc warrior (D:11)
  4 wolves (Lair:1)
  2 bullfrogs
  A scorpion (D:11)
  2 electric eels (Lair:2)
  2 orc priests
  3 iguanas (Lair:1)
  An adder (D:5)
  A gnoll (D:5)
  2 worms
  11 orcs
  2 ball pythons
  3 endoplasms
  4 frilled lizards (Lair:1)
  A goblin (D:3)
63 creatures vanquished.

Vanquished Creatures (others)
  A rime drake (Lair:1)
  A blink frog (Lair:1)
  5 dream sheep zombies
  A torpor snail zombie (Lair:1)
  A komodo dragon zombie (Lair:2)
  A water moccasin zombie (Lair:1)
  A troll zombie (D:11)
  9 yak zombies
  A bullfrog zombie (D:11)
  An orc wizard (D:3)
  A naga zombie (Lair:2)
  A steam dragon zombie (Lair:2)
  An adder zombie (D:5)
  6 gnoll zombies (D:5)
  A ball python zombie (D:4)
  2 endoplasm zombies
  A giant cockroach zombie (D:4)
  2 kobold zombies (D:6)
  35 orc zombies
  31 fungi
  80 plants
183 creatures vanquished.

Grand Total: 644 creatures vanquished

Notes
Turn   | Place    | Note
-------+----------+-------------------------------------------
     0 | D:1      | Lennethare the Draconian Necromancer began the quest for
                  | the Orb.
     0 | D:1      | Reached XP level 1. HP: 14/14 MP: 3/3
    34 | D:1      | Reached XP level 2. HP: 11/20 MP: 1/5
   775 | D:1      | Reached XP level 3. HP: 20/26 MP: 7/7
  1062 | D:1      | Learned a level 3 spell: Vampiric Draining
  1084 | D:2      | Found a hazy altar of Hepliaklqana.
  1409 | D:2      | Found a faded altar of an unknown god.
  1638 | D:2      | Reached XP level 4. HP: 33/33 MP: 7/9
  1645 | D:2      | Learned a level 4 spell: Animate Dead
  2077 | D:3      | You fall into a shaft and drop 2 floors!
  2077 | D:5      | Entered Level 5 of the Dungeon
  2130 | D:5      | Found a shimmering altar of Xom.
  2133 | D:5      | Found a hazy altar of Hepliaklqana.
  2133 | D:5      | Noticed an ice beast
  2134 | D:5      | Noticed a spectral ugly thing
  2180 | D:4      | Noticed an ogre
  2236 | D:4      | Killed an ogre
  2237 | D:4      | Reached XP level 5. HP: 36/38 MP: 0/11
  2397 | D:4      | Reached skill level 5 in Necromancy
  2560 | D:4      | Reached XP level 6. HP: 31/45 MP: 5/13
  2670 | D:4      | Reached skill level 5 in Spellcasting
  3089 | D:3      | Your scales start taking on a rich purple colour.
  3089 | D:3      | Reached XP level 7. HP: 50/50 MP: 17/17
  3340 | D:3      | Noticed Natasha
  3347 | D:3      | Killed Natasha
  3597 | D:3      | Noticed Ijyb
  3621 | D:3      | Killed Ijyb
  3702 | D:3      | Noticed Natasha
  3788 | D:2      | Learned a level 2 spell: Scorch
  3914 | D:3      | Noticed Robin
  3923 | D:3      | Killed Robin
  3989 | D:3      | Reached skill level 1 in Fire Magic
  4082 | D:3      | Killed Natasha
  4107 | D:3      | Noticed Natasha
  4115 | D:3      | Killed Natasha
  4192 | D:3      | Reached XP level 8. HP: 52/57 MP: 9/19
  4806 | D:4      | Identified the +8 sling "Derph" {venom, rElec}
  5106 | D:5      | Reached skill level 1 in Fighting
  5113 | D:5      | Reached skill level 1 in Long Blades
  6183 | D:6      | Found a bloodstained altar of Trog.
  6217 | D:6      | Reached XP level 9. HP: 50/68 MP: 10/21
  6219 | D:6      | Reached skill level 5 in Fire Magic
  6436 | D:6      | Noticed Eustachio
  6456 | D:5      | Killed Eustachio
  6556 | D:5      | Learned a level 5 spell: Agony
  6666 | D:6      | Found a staircase to the Ecumenical Temple.
  6699 | Temple   | Entered the Ecumenical Temple
  6780 | Temple   | Became a worshipper of Kikubaaqudgha
  7593 | D:7      | Reached skill level 1 in Evocations
  7699 | D:7      | Found a basalt altar of Yredelemnul.
  7945 | D:7      | Found a snail-covered altar of Cheibriados.
  8163 | D:8      | Identified a scroll of acquirement
  8163 | D:8      | Acquired the +0 pair of boots "Cibuzxish" {Str+3 Int+3
                  | Dex+2 SInv}
  8188 | D:8      | Noticed a manticore
  8197 | D:8      | Killed a manticore
  8244 | D:8      | Noticed a two-headed ogre
  8247 | D:8      | Noticed valliere's ghost (journeyman OpFi)
  8248 | D:8      | Noticed a moth of wrath
  8268 | D:8      | Found a flagged portal.
  8277 | Bailey   | Entered a bailey
  8426 | Bailey   | Reached * piety under Kikubaaqudgha
  8426 | Bailey   | Received a gift from Kikubaaqudgha
  8440 | Bailey   | Reached XP level 10. HP: 35/80 MP: 15/23
  8665 | Bailey   | Noticed an orc knight
  8681 | Bailey   | Killed an orc knight
  8707 | Bailey   | Noticed an orc knight
  8717 | Bailey   | Killed an orc knight
  8717 | Bailey   | Noticed an orc knight
  8718 | Bailey   | Reached skill level 5 in Fighting
  8718 | Bailey   | Reached skill level 5 in Long Blades
  8721 | Bailey   | Noticed an orc knight
  8725 | Bailey   | HP: 1/81 [orc knight/+0 glaive (6)]
  8781 | Bailey   | Killed an orc knight
  8956 | Bailey   | Killed an orc knight
  9132 | D:8      | Found a bloodstained altar of Trog.
  9253 | D:8      | Found a transporter.
  9261 | D:8      | Found a transporter.
  9376 | D:8      | Found an opulent altar of Gozag.
  9390 | D:8      | Found a sparkling altar of Nemelex Xobeh.
  9512 | D:8      | Reached ** piety under Kikubaaqudgha
  9744 | D:9      | Learned a level 2 spell: Sublimation of Blood
  9823 | D:9      | Reached skill level 10 in Spellcasting
  9836 | D:9      | Found a staircase to the Orcish Mines.
 10141 | D:9      | Reached XP level 11. HP: 63/89 MP: 22/25
 10248 | D:9      | Found a blossoming altar of Fedhas.
 10261 | D:9      | Noticed a two-headed ogre
 10271 | D:9      | Killed a two-headed ogre
 10607 | D:10     | Entered Level 10 of the Dungeon
 10607 | D:10     | Found a white marble altar of Elyvilon.
 10814 | D:10     | Found Fox Neth's Weapon Shoppe.
 11047 | D:10     | Noticed Erolcha
 11055 | D:10     | Killed Erolcha
 11214 | D:10     | Reached *** piety under Kikubaaqudgha
 11214 | D:10     | Received a gift from Kikubaaqudgha
 11222 | D:10     | Learned a level 6 spell: Death Channel
 11228 | D:10     | Learned a level 5 spell: Borgnjor's Vile Clutch
 11350 | D:10     | Noticed a four-headed hydra
 11350 | D:10     | Noticed a deep troll earth mage
 11350 | D:10     | Noticed a six-headed hydra
 11351 | D:10     | Found a runed translucent door.
 11365 | D:10     | Noticed a four-headed hydra
 11365 | D:10     | Noticed a stone giant
 11365 | D:10     | Noticed an ogre mage
 11365 | D:10     | Noticed a yaktaur captain
 11365 | D:10     | Noticed a yaktaur captain
 11763 | D:11     | Noticed Sonja
 12036 | D:11     | Reached skill level 1 in Earth Magic
 12036 | D:11     | Reached skill level 5 in Evocations
 12461 | D:11     | Found a staircase to the Lair.
 12571 | D:11     | Killed Sonja
 12572 | D:11     | Reached skill level 10 in Necromancy
 12783 | D:11     | Noticed a two-headed ogre
 12805 | D:11     | Killed a two-headed ogre
 12806 | D:11     | Reached skill level 5 in Dodging
 13146 | Lair:1   | Entered Level 1 of the Lair of Beasts
 13226 | Lair:1   | Noticed Nergalle
 13232 | Lair:1   | Noticed a spectral orc warlord
 13250 | Lair:1   | Noticed a four-headed hydra
 13253 | Lair:1   | HP: 2/85 [wolf (8)]
 13762 | Lair:1   | Reached XP level 12. HP: 55/100 MP: 26/26
 14067 | Lair:1   | Killed a ten-headed hydra
 14414 | Lair:1   | Reached **** piety under Kikubaaqudgha
 15099 | Lair:1   | Killed Nergalle
 15512 | Lair:2   | Reached skill level 5 in Earth Magic
 16069 | Lair:2   | Identified the +0 robe of the Rose {Will- Regen+ Int+4}
 16293 | Lair:2   | Found a staircase to the Swamp.
 16474 | Lair:2   | Found a staircase to the Snake Pit.
 17982 | Lair:3   | Reached XP level 13. HP: 105/107 MP: 28/28
 18670 | Lair:4   | Slain by a yak

Illustrated notes

Levels and vault maps discovered:
D:1:      dpeg_arrival_shrine, layout_loops_ring
D:2:      layout_rooms, dreamdust_ecumenical_altar_grove, basic_altar,
          nicolae_elevator_lobby_plus
D:3:      layout_loops_ring, uniq_natasha, uniq_robin, uniq_ijyb
D:4:      minmay_clustersquares, layout_loops_cross
D:5:      layout_basic, regret_index_temple_of_mockery,
          hangedman_decor_slide_cut, grunt_decor_junction
D:6:      layout_basic, lemuel_coloured_pillars_altar,
          minmay_temple_entry_statues_pillars, minmay_misc_feat_square,
          dk_vineyard_3, serial_park_tiny_1, uniq_eustachio
D:7:      layout_basic, cheibrodos_worm_habitat, lemuel_zombie_altar_yredelemnul
D:8:      layout_gridville, nicolae_overflow_hidden_temple, enter_bailey_2,
          gammafunk_ghost_wrathful_warriors
D:9:      layout_grid_maze, fedhas_altar_1, hiddenorc2_lemuel
D:10:     minmay_gate_of_8, layout_long_grid, lemuel_round_altar, serial_shops,
          kennysheep_mini, uniq_erolcha
D:11:     layout_rooms, grunt_lair_entry_orc_guard_hut, uniq_sonja
Temple:   nicolae_temple_bog_church
Lair:1:   lemuel_reptile_caves, layout_misc_corridors,
          infiniplex_staircase_pool_2, grunt_megastairs_2, serial_bayou_shore_b,
          serial_bayou_shore_a, uniq_nergalle
Lair:2:   layout_hall_layers, minmay_swamp_entry_swarm,
          minmay_snake_entry_guardpost_large, serial_bayou_lake_a
Lair:3:   layout_regular_city, amcnicky_mini_pool_medium
Lair:4:   layout_layer_cave, pond, lemuel_fruit_fields

Skill      XL: |  1  2  3  4  5  6  7  8  9 10 11 12 |
---------------+-------------------------------------+-----
Spellcasting   | 3 4 6 7 8 9 10 11 | 11.4
Necromancy     | 5 6 7 8 9 10 11 | 11.6
Fire Magic     | 2 4 5 |  5.4
Fighting       | 2 4 6 7 8 |  8.3
Long Blades    | 2 4 6 7 8 |  8.7
Dodging        | 2 4 5 6 |  6.2
Evocations     | 2 4 5 7 |  7.1
Earth Magic    | 3 6 |  6.6
Stealth        | |  1.7

Action                   |  1- 3 |  4- 6 |  7- 9 | 10-12 | 13-15 || total
-------------------------+-------+-------+-------+-------+-------++-------
Melee: Dagger            |    98 |    58 |       |       |       ||   156
       Unarmed           |     3 |       |       |       |       ||     3
       Tailslap          |    12 |    21 |    50 |   112 |    10 ||   205
       Punch             |     2 |     1 |     6 |    13 |     2 ||    24
       Falchion          |       |   120 |   135 |       |       ||   255
       Long sword        |       |       |   292 |   643 |    61 ||   996
 Cast: Necrotise         |    50 |     7 |     9 |       |       ||    66
       Vampiric Draining |     1 |    13 |    45 |    51 |       ||   110
       Animate Dead      |       |     1 |    11 |    12 |     1 ||    25
       Scorch            |       |       |    34 |    38 |       ||    72
       Agony             |       |       |       |     8 |       ||     8
       Death Channel     |       |       |       |     4 |       ||     4
       Borgnjor's Vile C |       |       |       |     2 |     6 ||     8
Invok: Unearth Wretches  |       |       |       |     1 |       ||     1
 Abil: Breathe Dispellin |       |       |    10 |     5 |       ||    15
Evoke: Wand              |       |       |    10 |     2 |       ||    12
       Condenser vane    |       |       |       |     1 |       ||     1
  Use: Potion            |       |       |     1 |     9 |       ||    10
       Scroll            |       |       |    14 |    26 |     1 ||    41
 Stab: Sleeping          |     5 |     2 |     3 |     3 |     1 ||    14
       Distracted        |       |       |     2 |     1 |     1 ||     4
Armor: Skin              |    49 |    58 |   196 |   354 |    64 ||   721
Dodge: Dodged            |    97 |   115 |   340 |   492 |    62 ||  1106
Block: Other             |     9 |    47 |   145 |   191 |    23 ||   415
       Reflection        |       |       |     3 |     4 |       ||     7

Table legend: (Time is in decaauts)
 A = Elapsed time spent in this place.
 B = Non-inter-level travel time spent in this place.
 C = Inter-level travel time spent in this place.
 D = Time resting spent in this place.
 E = Time spent auto-exploring this place.
 F = Levels seen in this place.
 G = Mean time per level.
                   A        B        C        D        E       F      G
               +--------+--------+--------+--------+--------+-----+--------+
         Total |  18960 |  18496 |    464 |   3416 |  10087 |  17 | 1115.3 |
       Dungeon |  12449 |  12140 |    309 |   1426 |   7620 |  11 | 1131.7 |
        Temple |     96 |     88 |      8 |      0 |     70 |   1 |   96.0 |
          Lair |   5599 |   5453 |    146 |   1590 |   2396 |   4 | 1399.8 |
        Bailey |    814 |    814 |      0 |    400 |      0 |   1 |  814.0 |
               +--------+--------+--------+--------+--------+-----+--------+

Top non-repeatable levels by time:
  Lair:1: 2370 daAuts
  Lair:3: 1535 daAuts
     D:4: 1511 daAuts
  Lair:2: 1467 daAuts
    D:11: 1334 daAuts
     D:3: 1282 daAuts
    D:10: 1230 daAuts
     D:1: 1200 daAuts
     D:5: 1180 daAuts
     D:6: 1120 daAuts
     D:2: 970 daAuts
     D:7: 948 daAuts
     D:9: 874 daAuts
  Bailey: 814 daAuts
     D:8: 795 daAuts
